AoeStats
← Headhunter_GG

Nomad

510748947Analyzed
3v3 RM · 13h ago on Oct 2, 2026· 65m 8s· 6 players
Game mode
Random Map
Map size
210×210
Population
200
Speed
Normal
Resources
Standard
Victory
Conquest
Starting age
Dark Age
Ending age
Imperial Age
RankedLock teamsTeams togetherTeam positionsShared explorationLock speedFull tech treeHidden civsTurbo modeCheats
Victory
Defeat
🇦🇷 Poles · Argentina
1408
+12
🇨🇴 Spanish · Colombia
1342
+15
🇪🇨 Saxons · Ecuador
1145
+23
🇬🇧 Persians · United Kingdom
1364
-19
🇩🇪 Dravidians · Germany
1292
-16
🇨🇴 Saracens · Colombia
1275
-15
| CZK | DiegoAvalo
8:09 Loom
18:40 Feudal Age
22:01 Castle Age
23:34 Fletching
39:47 Wheelbarrow
46:05 Hand Cart
47:32 Bodkin Arrow
47:28 Elite Skirmisher
49:47 Ballistics
56:41 Imperial Age
57:15 Padded Archer Armor
58:21 Chemistry
60:08 Bracer
60:23 Leather Archer Armor
60:25 Gold Mining
60:25 Stone Mining
63:56 Ring Archer Armor
| CZK | CONANJD
4:45 Loom
14:35 Feudal Age
15:27 Double-Bit Axe
15:51 Fishing Lines
19:06 Fletching
23:29 Castle Age
23:06 Gold Mining
24:18 Bodkin Arrow
24:31 Gillnets
25:12 Bow Saw
27:45 Wheelbarrow
28:50 Scale Mail Armor
29:19 Forging
32:11 Thumb Ring
34:20 Sanctity
34:41 Chain Mail Armor
35:38 Squires
35:24 Gambesons
40:43 Imperial Age
42:41 Conscription
42:57 Plate Mail Armor
44:43 Horse Collar
45:59 Iron Casting
46:37 Theocracy
48:04 Elite Hearth Troop
49:50 Block Printing
53:38 Hoardings
55:37 Shield Wall
55:49 Clerical Recruitment
59:02 Chemistry
60:51 Illumination
60:43 Redemption
61:01 Redemption
64:14 Ballistics
64:34 Atonement
| CZK | Ashvini
4:36 Loom
12:25 Feudal Age
19:37 Castle Age
19:00 Town Watch
19:58 Forging
20:36 Medium Warships
21:18 Fletching
28:11 Scale Mail Armor
30:34 Double-Bit Axe
36:52 Scale Barding Armor
37:09 Bloodlines
37:00 Husbandry
38:36 Chain Barding Armor
39:02 Bow Saw
39:35 Szlachta Privileges
40:29 Iron Casting
47:27 Gold Mining
51:29 Wheelbarrow
50:44 Horse Collar
55:17 Imperial Age
53:21 Heavy Plow
55:18 Cavalier
57:01 Blast Furnace
59:43 Light Cavalry
62:17 Crop Rotation
64:22 Winged Hussar
ash.burlaczenko
5:14 Loom
18:57 Feudal Age
19:31 Double-Bit Axe
23:24 Castle Age
47:38 Forging
50:39 Scale Barding Armor
55:41 Iron Casting
55:27 Chain Barding Armor
59:28 Imperial Age
59:49 Wheelbarrow
61:42 Blast Furnace
61:17 Plate Barding Armor
62:01 Plate Barding Armor
ofespinelman
5:10 Loom
13:34 Feudal Age
14:26 Fishing Lines
14:48 Double-Bit Axe
17:09 Fletching
20:38 Castle Age
19:46 Padded Archer Armor
20:46 Crossbowman
21:26 Gold Mining
22:07 Thumb Ring
24:12 Medium Warships
27:37 Wheelbarrow
35:50 Imperial Age
37:50 Bodkin Arrow
38:10 Leather Archer Armor
44:01 Bracer
44:49 Arbalester
49:46 Ballistics
55:49 Chemistry
Headhunter_GG
9:09 Loom
13:54 Feudal Age
15:41 Forging
16:39 Fishing Lines
19:25 Castle Age
17:36 Gold Mining
20:22 Medium Warships
20:51 Iron Casting
23:47 Gillnets
28:28 Wheelbarrow
30:03 Double-Bit Axe
32:25 Bow Saw
32:54 Hand Cart
32:26 Town Watch
36:19 Padded Archer Armor
36:09 Fletching
36:22 Padded Archer Armor
38:35 Bodkin Arrow
40:24 Ballistics
41:12 Leather Archer Armor
47:02 Thumb Ring
52:15 Imperial Age
50:19 Horse Collar
51:07 Murder Holes
51:30 Herbal Medicine
52:38 Town Patrol
52:58 Bracer
53:31 Ring Archer Armor
53:43 Elite Elephant Archer
56:24 Blast Furnace
58:28 Scale Mail Armor
59:42 Chemistry
60:04 Squires
61:23 Elite Skirmisher
63:36 Chain Mail Armor
62:45 Pikeman
64:13 Halberdier
Connection lost

Rejoining the realm…

Still unreachable

The connection could not be restored.

Session expired

The server has moved on; the page needs a fresh start.